 Dungeon Crawl Stone Soup version 0.18-a0-1800-gdc7a371 (webtiles) character file.

1449 Moloch the Cleaver (level 8, -2/64 HPs)
             Began as a Minotaur Fighter on Apr 24, 2016.
             Slain by a decayed bog body (3 damage)
             ... in an ossuary.
             The game lasted 00:08:06 (5410 turns).

Moloch the Cleaver (Minotaur Fighter)               Turns: 5410, Time: 00:08:07

Health: -2/64      AC:  9    Str: 23    XL:     8   Next: 46%
Magic:  7/7        EV:  5    Int:  5    God:
Gold:   325        SH:  9    Dex: 10    Spells: 0 memorised, 7 levels left

rFire  . . .     SeeInvis .     a - +0 war axe
rCold  . . .     Gourm    .     r - +0 chain mail
rNeg   . . .     Faith    .     c - +0 shield
rPois  .         Spirit   .     (helmet restricted)
rElec  .         Dismiss  .     (no cloak)
rCorr  .         Reflect  .     (no gloves)
SustAt +         Harm     .     (no boots)
MR     .....                    (no amulet)
Stlth  ..........               m - ring of stealth
                                s - ring of sustain attributes

@: not resistant to hostile enchantments, extremely unstealthy
A: retaliatory headbutt, horns 2
a: no special abilities


You were in an ossuary.
You were hungry.

You visited 1 branch of the dungeon, and saw 6 of its levels.
You also visited: Ossuary.

You collected 325 gold pieces.

Inventory:

Hand Weapons
 a - a +0 war axe (weapon)
Armour
 c - a +0 shield (worn)
 r - a +0 chain mail (worn)
Jewellery
 m - a ring of stealth (right hand)
 s - a ring of sustain attributes (left hand)
 w - an uncursed ring of flight
Wands
 q - a wand of random effects (22/48)
 B - a wand of iceblast (5/15)
Scrolls
 g - a scroll of identify
 i - a scroll of magic mapping
 j - a scroll of noise {unknown}
 l - 3 scrolls of teleportation
 p - a scroll of enchant armour {unknown}
 t - a scroll of immolation {unknown}
 u - a scroll of fog {unknown}
 x - a scroll of enchant weapon {unknown}
 y - 2 scrolls of remove curse {unknown}
Potions
 b - a potion of invisibility {unknown}
 d - a potion of might
 e - 3 potions of curing {unknown}
 h - 5 potions of mutation
 n - 2 potions of heal wounds {unknown}
 o - a potion of agility {unknown}
 A - a potion of degeneration {unknown}
Comestibles
 f - 6 bread rations
 k - 3 meat rations
 v - 3 slices of pizza
 z - 4 fruits
 C - a beef jerky


   Skills:
 - Level 3.6 Fighting
 + Level 12.4 Axes
 - Level 3.6 Armour
 - Level 3.6 Shields


You had 7 spell levels left.
You didn't know any spells.

Dungeon Overview and Level Annotations

Branches:
Dungeon (6/15)
 Temple: D:4-7

Altars:
Ashenzari
Pakellas
The Shining One

Shops:
D:2 }

Annotations:
D:4 exclusion: downstairs
D:5 Moloch's ghost, novice MiFi


Innate Abilities, Weirdness & Mutations

You reflexively headbutt those who attack you in melee.
You have a pair of horns on your head.


Message History

The decayed bog body hits you!
The decayed bog body touches you but does no damage.
A mummy comes into view.
You barely miss the decayed bog body. You headbutt the decayed bog body!
The decayed bog body is severely damaged.
You hit the decayed bog body.
The decayed bog body is severely damaged.
The decayed bog body hits you! The decayed bog body touches you.
The decayed bog body freezes you. The decayed bog body hits you!
* * * LOW HITPOINT WARNING * * *
You block the decayed bog body's attack.
Unknown command.
You slash the decayed bog body!
You destroy the decayed bog body!
You barely miss the decayed bog body.
The decayed bog body is severely damaged.
The decayed bog body hits you!
* * * LOW HITPOINT WARNING * * *
The decayed bog body touches you.
You die...

≈# . ##≈
#.M
#≈≈≈#####
#.≈≈#..∩#
#Mn†∩.#
+≈#@..#
#.##### +


You could see a decayed bog body and 2 mummies.

Vanquished Creatures
  The ghost of Moloch the Chopper, an amateur MiFi (D:4)
  An ice beast (D:5)
  A black bear (D:6)
  A phantom (D:4)
  2 ogres (D:4)
  A centaur (D:4)
  2 bog bodies (Ossuary)
  2 crimson imps
  A hound (D:4)
  2 jellies (D:4)
  A gnoll shaman (D:5)
  An orc wizard (D:4)
  An iguana (D:4)
  Terence (D:2)
  7 worker ants
  A howler monkey zombie (D:5)
  5 gnolls
  8 adders
  A shadow imp (D:6)
  An adder skeleton (D:4)
  A dart slug (D:1)
  5 worms
  2 giant geckos
  24 orcs
  A ball python (D:3)
  3 giant cockroaches
  2 goblins
  8 hobgoblins
  15 jackals
  3 quokkas
  2 bats
  2 giant gecko skeletons
  6 giant newts
  A jackal skeleton (D:6)
  9 kobolds
  A quokka skeleton (D:5)
  6 rats
132 creatures vanquished.

Vanquished Creatures (others)
  A withered plant (Ossuary)
1 creature vanquished.

Grand Total: 133 creatures vanquished

Notes
Turn   | Place    | Note
--------------------------------------------------------------
     0 | D:1      | Moloch the Minotaur Fighter began the quest for the Orb.
     0 | D:1      | Reached XP level 1. HP: 19/19 MP: 0/0
   213 | D:1      | Reached skill level 3 in Axes
   299 | D:1      | Reached XP level 2. HP: 26/26 MP: 1/1
   811 | D:2      | Found an oddly glowing altar of Pakellas.
   811 | D:2      | Found Pakellas's Prime Provisions.
   841 | D:2      | Reached skill level 4 in Axes
   841 | D:2      | Reached XP level 3. HP: 26/31 MP: 2/2
   981 | D:2      | Noticed Terence
   993 | D:2      | Killed Terence
   993 | D:2      | Reached skill level 5 in Axes
  1033 | D:2      | Reached XP level 4. HP: 24/39 MP: 3/3
  1424 | D:3      | Found a shattered altar of Ashenzari.
  1521 | D:3      | Reached skill level 6 in Axes
  1615 | D:3      | Reached XP level 5. HP: 21/45 MP: 4/4
  2176 | D:4      | Noticed Moloch's ghost (amateur MiFi)
  2413 | D:4      | Reached skill level 7 in Axes
  2438 | D:4      | Noticed a phantom
  2806 | D:4      | Killed a phantom
  2806 | D:4      | Reached skill level 8 in Axes
  2806 | D:4      | Reached XP level 6. HP: 49/51 MP: 5/5
  3024 | D:4      | Reached skill level 9 in Axes
  3141 | D:4      | Reached XP level 7. HP: 57/57 MP: 6/6
  3373 | D:4      | Killed Moloch's ghost
  3373 | D:4      | Reached skill level 10 in Axes
  3816 | D:5      | Entered Level 5 of the Dungeon
  3819 | D:5      | Noticed Moloch's ghost (novice MiFi)
  4082 | D:4      | Reached skill level 11 in Axes
  4234 | D:5      | Reached XP level 8. HP: 61/64 MP: 7/7
  4500 | D:5      | Found a glowing golden altar of the Shining One.
  5118 | D:5      | Reached skill level 12 in Axes
  5390 | D:6      | Found a sand-covered staircase.
  5396 | Ossuary  | Entered an ossuary
  5410 | Ossuary  | HP: 1/64 [decayed bog body (14)]
  5410 | Ossuary  | Slain by a decayed bog body

Vault maps used:
D:1:      sevenhm_arrival_forest_fort_large_2
D:2:      minmay_misc_feat_diagonals, small_statue_intersection,
          johnstein_pakellas_shop, uniq_terence
D:3:      cheibrodos_ashenzari_chains
D:4:      first_bread, minmay_misc_feat_tiny, minmay_tree_intersection
D:5:      lemuel_crystal_altar
D:6:      minmay_klotski, lemuel_round_altar, nicolae_ossuary_entry_plus,
          hex_tiny
Ossuary:  ossuary_zaba_flooded

Skill      XL: |  1  2  3  4  5  6  7  8 |
---------------+-------------------------+-----
Axes           | 3 4 5 6 8 9 11 12 | 12.4
Fighting       | |  3.6
Armour         | |  3.6
Shields        | |  3.6

Action                   |  1- 3 |  4- 6 |  7- 9 || total
-------------------------+-------+-------+-------++-------
Melee: War axe           |    65 |   189 |   151 ||   405
       Headbutt          |     9 |    26 |    35 ||    70
Evoke: Wand              |       |     1 |     1 ||     2
  Use: Scroll            |       |       |     3 ||     3
  Eat: Chunk             |       |     7 |     7 ||    14
Armor: Scale mail        |    19 |       |       ||    19
       Chain mail        |     5 |    83 |    66 ||   154
Dodge: Dodged            |    25 |    28 |    21 ||    74
Block: Shield            |    31 |    80 |    75 ||   186
